3AA
FT. POLK SOUTH THUNDER HAWKS @ WESTWOOD SIXSHOOTERS
05/05/2025
 
TOP OF THE 1ST
Ft. Polk South Thunder Hawks batting - Pitching for Westwood Sixshooters : RHP José Gutiérrez
Pitching: RHP José Gutiérrez
Batting: RHB Bryan Billings 0-0: Ball
1-0: Called Strike
1-1: Swinging Strike
1-2: Foul Ball, location: 2F
1-2: Strikes out swinging
Batting: RHB Ramón Valdéz 0-0: Called Strike
0-1: Fly out, F9 (Flyball, 9LSF)
Batting: RHB Keith Bane 0-0: Ball
1-0: Called Strike
1-1: Ball
2-1: Foul Ball, location: 2F
2-2: Ball
3-2: Base on Balls
Batting: RHB Thom Beach 0-0: Ball
1-0: Fly out, F3 (Line Drive, 34S)
Top of the 1st over - 0 run(s), 0 hit(s), 0 error(s), 1 left on base; Ft. Polk South 0 - Westwood 0
BOTTOM OF THE 1ST
Westwood Sixshooters batting - Pitching for Ft. Polk South Thunder Hawks : RHP Jim Unknown
Pitching: RHP Jim Unknown
Batting: RHB Jesús Vargas 0-0: Ground out 6-3 (Groundball, 6)
Batting: RHB Nelson Abbey 0-0: Fly out, F3 (Popup, 3L)
Batting: RHB Gary Chalmers 0-0: Called Strike
0-1: Ball
1-1: Ball
2-1: Called Strike
2-2: Ball
3-2: Fly out, F6 (Popup, 6M)
Bottom of the 1st over - 0 run(s), 0 hit(s), 0 error(s), 0 left on base; Ft. Polk South 0 - Westwood 0
TOP OF THE 2ND
Ft. Polk South Thunder Hawks batting - Pitching for Westwood Sixshooters : RHP José Gutiérrez
Batting: RHB Jesús Hernández 0-0: Ball
1-0: Ball
2-0: Fly out, F3 (Line Drive, 34)
Batting: RHB David Phipps 0-0: Ball
1-0: Called Strike
1-1: Called Strike
1-2: Foul Ball, location: 2F
1-2: Foul Ball, location: 2F
1-2: Strikes out swinging
Batting: RHB Héctor López 0-0: Called Strike
0-1: Fly out, F4 (Popup, 4D)
Top of the 2nd over - 0 run(s), 0 hit(s), 0 error(s), 0 left on base; Ft. Polk South 0 - Westwood 0
BOTTOM OF THE 2ND
Westwood Sixshooters batting - Pitching for Ft. Polk South Thunder Hawks : RHP Jim Unknown
Batting: SHB Arsenio Sameiro 0-0: Ball
1-0: Swinging Strike
1-1: Foul Ball, location: 2F
1-2: Ball
2-2: SINGLE (Line Drive, 9S)
Batting: LHB Chia-ch'ing Dodman 0-0: Ball
1-0: Ball
2-0: Foul Ball, location: 2F
2-1: Foul Ball, location: 2F
2-2: Ball
3-2: Strikes out looking
Batting: RHB Aurelio García 0-0: Called Strike
0-1: Fly out, F5 (Popup, 5D)
Batting: LHB Jim Schlossnagle 0-0: Fielders Choice at 2nd, U4 (Groundball, 4M)
Bottom of the 2nd over - 0 run(s), 1 hit(s), 0 error(s), 1 left on base; Ft. Polk South 0 - Westwood 0
TOP OF THE 3RD
Ft. Polk South Thunder Hawks batting - Pitching for Westwood Sixshooters : RHP José Gutiérrez
Batting: RHB Iván Hernández 0-0: Swinging Strike
0-1: Ball
1-1: SINGLE (Line Drive, 89M)
Batting: RHB Adrian Barr 0-0: Called Strike
0-1: Ball
1-1: Ball
2-1: Foul Ball, location: 2F
2-2: Hit by Pitch
Iván Hernández to second
Batting: RHB Bryan Billings 0-0: Ball
1-0: Ball
2-0: Ball
3-0: Called Strike
3-1: Fly out, F5 (Popup, 5L)
Batting: RHB Ramón Valdéz 0-0: Called Strike
0-1: Fly out, F7 (Flyball, 7)
Batting: RHB Keith Bane 0-0: Foul Ball, location: 2F
0-1: Ball
1-1: SINGLE (Groundball, 56D)
Iván Hernández to third
Adrian Barr to second
Runner from 3rd tries for Home, SAFE, throw made at trailing runner, OUT at third!
Top of the 3rd over - 1 run(s), 2 hit(s), 0 error(s), 1 left on base; Ft. Polk South 1 - Westwood 0
BOTTOM OF THE 3RD
Westwood Sixshooters batting - Pitching for Ft. Polk South Thunder Hawks : RHP Jim Unknown
Batting: RHB Barnett Armstrong 0-0: Foul Ball, location: 2F
0-1: Foul Ball, location: 2F
0-2: Ball
1-2: Ground out 5-3 (Groundball, 56S)
Batting: RHB Leo Shoemaker 0-0: Called Strike
0-1: Swinging Strike
0-2: Foul Ball, location: 2F
0-2: Ball
1-2: Strikes out looking
Batting: RHB Jesús Vargas 0-0: Ground out 1-3 (Groundball, 15)
Bottom of the 3rd over - 0 run(s), 0 hit(s), 0 error(s), 0 left on base; Ft. Polk South 1 - Westwood 0
TOP OF THE 4TH
Ft. Polk South Thunder Hawks batting - Pitching for Westwood Sixshooters : RHP José Gutiérrez
Batting: RHB Thom Beach 0-0: Ball
1-0: Ball
2-0: Foul Ball, location: 2F
2-1: Called Strike
2-2: SINGLE (Line Drive, 6MD)
Batting: RHB Jesús Hernández 0-0: Ball
1-0: Ball
2-0: Fly out, F9 (Line Drive, 9)
Batting: RHB David Phipps 0-0: Swinging Strike
0-1: Swinging Strike
0-2: Fielders Choice at 2nd, 5-4 (Groundball, 56)
Batting: RHB Héctor López 0-0: Ball
1-0: Fielders Choice at 2nd, 6-4 (Groundball, 6)
Top of the 4th over - 0 run(s), 1 hit(s), 0 error(s), 0 left on base; Ft. Polk South 1 - Westwood 0
BOTTOM OF THE 4TH
Westwood Sixshooters batting - Pitching for Ft. Polk South Thunder Hawks : RHP Jim Unknown
Batting: RHB Nelson Abbey 0-0: Called Strike
0-1: Swinging Strike
0-2: Ball
1-2: Ball
2-2: SINGLE (Groundball, 56D)
Batting: RHB Gary Chalmers 0-0: Swinging Strike
0-1: Called Strike
0-2: Strikes out swinging
Batting: SHB Arsenio Sameiro 0-0: Ball
1-0: Ball
2-0: Called Strike
2-1: DOUBLE (Flyball, 78M)
Nelson Abbey to third
Batting: LHB Chia-ch'ing Dodman 0-0: Called Strike
0-1: Fly out, F7 (Flyball, 7S)
Batting: RHB Aurelio García 0-0: Ball
1-0: Called Strike
1-1: Foul Ball, location: 2F
1-2: Strikes out looking
Bottom of the 4th over - 0 run(s), 2 hit(s), 0 error(s), 2 left on base; Ft. Polk South 1 - Westwood 0
TOP OF THE 5TH
Ft. Polk South Thunder Hawks batting - Pitching for Westwood Sixshooters : RHP José Gutiérrez
Batting: RHB Iván Hernández 0-0: Foul Ball, location: 2F
0-1: Bunted foul
0-2: Foul Ball, location: 2F
0-2: Ball
1-2: Fly out, F9 (Flyball, 89M)
Batting: RHB Adrian Barr 0-0: Swinging Strike
0-1: Ball
1-1: Fly out, F8 (Flyball, 8LS)
Batting: RHB Bryan Billings 0-0: Ground out 6-3 (Groundball, 6S)
Top of the 5th over - 0 run(s), 0 hit(s), 0 error(s), 0 left on base; Ft. Polk South 1 - Westwood 0
BOTTOM OF THE 5TH
Westwood Sixshooters batting - Pitching for Ft. Polk South Thunder Hawks : RHP Jim Unknown
Batting: LHB Jim Schlossnagle 0-0: Swinging Strike
0-1: Hit by Pitch
Batting: RHB Barnett Armstrong 0-0: Ball
1-0: Called Strike
1-1: Grounds into double play, 5-4-3 (Groundball, 56)
Batting: RHB Leo Shoemaker 0-0: Ball
1-0: Foul Ball, location: 2F
1-1: Ball
2-1: Foul Ball, location: 2F
2-2: Foul Ball, location: 2F
2-2: Ball
3-2: Ground out 4-3 (Groundball, 4S)
Bottom of the 5th over - 0 run(s), 0 hit(s), 0 error(s), 0 left on base; Ft. Polk South 1 - Westwood 0
TOP OF THE 6TH
Ft. Polk South Thunder Hawks batting - Pitching for Westwood Sixshooters : RHP José Gutiérrez
Batting: RHB Ramón Valdéz 0-0: Called Strike
0-1: Called Strike
0-2: Strikes out looking
Batting: RHB Keith Bane 0-0: Fly out, F9 (Flyball, 9S)
Batting: RHB Thom Beach 0-0: Ball
1-0: Foul Ball, location: 2F
1-1: Ball
2-1: SINGLE (Line Drive, 6MD)
Batting: RHB Jesús Hernández 0-0: Called Strike
0-1: Ball
1-1: Called Strike
1-2: Foul Ball, location: 2F
1-2: Foul Ball, location: 2F
1-2: Strikes out swinging
Top of the 6th over - 0 run(s), 1 hit(s), 0 error(s), 1 left on base; Ft. Polk South 1 - Westwood 0
BOTTOM OF THE 6TH
Westwood Sixshooters batting - Pitching for Ft. Polk South Thunder Hawks : RHP Jim Unknown
Batting: RHB Jesús Vargas 0-0: Ground out 4-3 (Groundball, 4)
Batting: RHB Nelson Abbey 0-0: Foul Ball, location: 2F
0-1: Ball
1-1: Foul Ball, location: 2F
1-2: Ball
2-2: Reached on error, E6 (Groundball, 6)
Batting: RHB Gary Chalmers 0-0: Ball
1-0: Ball
2-0: Swinging Strike
2-1: SINGLE (Flyball, 8LS)
Nelson Abbey to second
Batting: SHB Arsenio Sameiro 0-0: Grounds into double play, 4-6-3 (Groundball, 4)
Bottom of the 6th over - 0 run(s), 1 hit(s), 1 error(s), 1 left on base; Ft. Polk South 1 - Westwood 0
TOP OF THE 7TH
Ft. Polk South Thunder Hawks batting - Pitching for Westwood Sixshooters : RHP José Gutiérrez
Pitching: RHP Kevin Samuels
Batting: RHB David Phipps 0-0: Swinging Strike
0-1: Fly out, F7 (Flyball, 7D)
Batting: RHB Héctor López 0-0: Ball
1-0: Ball
2-0: Swinging Strike
2-1: Fly out, F9 (Flyball, 89S)
Batting: RHB Iván Hernández 0-0: Called Strike
0-1: Foul Ball, location: 2F
0-2: Foul Ball, location: 2F
0-2: Ball
1-2: Strikes out swinging
Top of the 7th over - 0 run(s), 0 hit(s), 0 error(s), 0 left on base; Ft. Polk South 1 - Westwood 0
BOTTOM OF THE 7TH
Westwood Sixshooters batting - Pitching for Ft. Polk South Thunder Hawks : RHP Jim Unknown
Batting: LHB Chia-ch'ing Dodman 0-0: Called Strike
0-1: Fly out, F2 (Popup, 25)
Batting: RHB Aurelio García 0-0: Ball
1-0: Ball
2-0: DOUBLE (Line Drive, 7LM)
Pinch Hitting: LHB Davis Mills 0-0: Ball
1-0: Ball
Aurelio García steals 3rd base
2-0: Ball
3-0: Called Strike
3-1: Called Strike
3-2: Base on Balls
Pinch Hitting: SHB Bob Rogers 0-0: Foul Ball, location: 2F
0-1: Ball
1-1: Foul Ball, location: 2F
1-2: Hit by Pitch
Davis Mills to second
Pinch Hitting: LHB Jim Unknown 0-0: Called Strike
0-1: Ball
1-1: Ball
2-1: Swinging Strike
2-2: Grounds into fielders choice 4-2 (Groundball, 4S)
Davis Mills to third
Bob Rogers to second
Batting: RHB Jesús Vargas 0-0: Ball
1-0: Called Strike
1-1: Ball
2-1: Called Strike
2-2: Fly out, F6 (Popup, 56D)
Bottom of the 7th over - 0 run(s), 1 hit(s), 0 error(s), 3 left on base; Ft. Polk South 1 - Westwood 0
TOP OF THE 8TH
Ft. Polk South Thunder Hawks batting - Pitching for Westwood Sixshooters : RHP Kevin Samuels
Now at 1B: Jim Unknown
Now at 2B: Winston Sparks
Now in RF: Davis Mills
Batting: RHB Adrian Barr 0-0: Ball
1-0: Fly out, F9 (Flyball, 9S)
Batting: RHB Bryan Billings 0-0: Called Strike
0-1: SINGLE (Flyball, 7S)
Pinch Hitting: LHB Jim Unknown 0-0: Ball
1-0: Foul Ball, location: 2F
1-1: Fielders Choice at 2nd, 4-6 (Groundball, 4)
Batting: RHB Keith Bane 0-0: Foul Ball, location: 2F
0-1: Fly out, F9 (Flyball, 9LM)
Top of the 8th over - 0 run(s), 1 hit(s), 0 error(s), 1 left on base; Ft. Polk South 1 - Westwood 0
BOTTOM OF THE 8TH
Westwood Sixshooters batting - Pitching for Ft. Polk South Thunder Hawks : RHP Jim Unknown
Now in CF: Jim Unknown
Batting: RHB Nelson Abbey 0-0: Called Strike
0-1: Ball
1-1: Ball
2-1: Called Strike
2-2: Ball
3-2: Foul Ball, location: 2F
3-2: Strikes out looking
Batting: RHB Gary Chalmers 0-0: Ball
1-0: Swinging Strike
1-1: SOLO HOME RUN (Flyball, 7D), Distance : 384 ft
Pitching: LHP Jason Hoskins
Batting: SHB Arsenio Sameiro 0-0: Swinging Strike
0-1: Ball
1-1: Ball
2-1: Swinging Strike
2-2: Ground out 6-3 (Groundball, 6M)
Pinch Hitting: RHB Jason Boyer 0-0: Called Strike
0-1: Swinging Strike
0-2: Ball
1-2: Foul Ball, location: 2F
1-2: Strikes out swinging
Bottom of the 8th over - 1 run(s), 1 hit(s), 0 error(s), 0 left on base; Ft. Polk South 1 - Westwood 1
TOP OF THE 9TH
Ft. Polk South Thunder Hawks batting - Pitching for Westwood Sixshooters : RHP Kevin Samuels
Pitching: RHP Alfredo Hernández
Now at 3B: Jorge Alderete
Batting: RHB Thom Beach 0-0: SOLO HOME RUN (Flyball, 78XD), Distance : 430 ft
Batting: RHB Jesús Hernández 0-0: Foul Ball, location: 2F
0-1: Ball
1-1: Ball
2-1: Ball
3-1: Fly out, F9 (Flyball, 9LS)
Batting: RHB David Phipps 0-0: Ball
1-0: Ball
2-0: SINGLE (Line Drive, 78S)
Batting: RHB Héctor López 0-0: Ball
1-0: Foul Ball, location: 2F
1-1: Ball
2-1: Fly out, F3 (Popup, 3L)
Batting: RHB Iván Hernández 0-0: Called Strike
0-1: Ball
1-1: Ball
2-1: Foul Ball, location: 2F
2-2: Foul Ball, location: 2F
2-2: Ball
3-2: SINGLE (Groundball, 6MD)
David Phipps to second
David Phipps to third
Batting: RHB Adrian Barr 0-0: Ball
1-0: Ball
2-0: Foul Ball, location: 2F
2-1: Fly out, F9 (Flyball, 9)
Top of the 9th over - 1 run(s), 3 hit(s), 0 error(s), 2 left on base; Ft. Polk South 2 - Westwood 1
BOTTOM OF THE 9TH
Westwood Sixshooters batting - Pitching for Ft. Polk South Thunder Hawks : LHP Jason Hoskins
Pitching: RHP Jim Unknown
Batting: RHB Aurelio García 0-0: Foul Ball, location: 2F
0-1: Called Strike
0-2: Ball
1-2: Fly out, F8 (Flyball, 8RM)
Batting: LHB Davis Mills 0-0: Called Strike
0-1: SINGLE (Groundball, 4) (infield hit)
Batting: RHB Winston Sparks 0-0: Ball
1-0: Ball
2-0: Called Strike
2-1: Foul Ball, location: 2F
2-2: Ball
3-2: Foul Ball, location: 2F
3-2: Foul Ball, location: 2F
3-2: Foul Ball, location: 2F
3-2: Strikes out swinging
Batting: LHB Jim Unknown 0-0: Called Strike
0-1: Ball
1-1: Ball
2-1: SINGLE (Groundball, 34D)
Davis Mills to second
Runner from 2nd tries for 3rd, SAFE, throw made to third
Jim Unknown to second
Batting: RHB Jesús Vargas 0-0: Ball
1-0: SINGLE (Flyball, 78S)
Davis Mills scores
Jim Unknown to third
Runner from 3rd tries for Home, SAFE, throw made home
Friday, December 30th, 2016 - OOTP Baseball 17.12 Build 75